 Dungeon Crawl Stone Soup version 0.23-b1-13-gf37ab262a9 (webtiles) character file.

Game seed: 9956312681454881627

66712 McKennaii the Scorcher (level 14, 0/110 HPs)
             Began as a Red Draconian Fire Elementalist on Feb 3, 2019.
             Was a High Priest of Sif Muna.
             Killed by divine providence
             ... invoked by Saint Roka
              (12 damage)
             ... on level 2 of the Orcish Mines.
             The game lasted 01:55:57 (30575 turns).

McKennaii the Scorcher (DrFE)                      Turns: 30575, Time: 01:55:58

Health: 0/110      AC: 19    Str: 13    XL:     14   Next: 80%
Magic:  2/40       EV: 15    Int: 21    God:    Sif Muna [*****.]
Gold:   2451       SH:  0    Dex: 11    Spells: 24/40 levels left

rFire    + . .     SeeInvis +   h - staff of wizardry
rCold    . . .     Gourm    .   (no shield)
rNeg     . . .     Faith    .   (armour unavailable)
rPois    .         Spirit   .   O - +2 hat {SInv}
rElec    .         Reflect  .   C - +2 cloak
rCorr    .         Harm     .   z - +2 pair of gloves
MR       ++...                  X - +2 pair of boots
Stlth    +++.......             B - amulet of the acrobat
HPRegen  0.28/turn              R - ring of protection from magic
MPRegen  0.27/turn              Y - ring of magical power

@: flying, lightly drained
A: breathe fire, unfitting armour, clever 1, fire resistance 1, evolution 1,
cold-blooded, AC +8
a: Breathe Fire, Divine Energy, Channel Magic, Forget Spell, Renounce Religion


You were on level 2 of the Orcish Mines.
You worshipped Sif Muna.
Sif Muna was extremely pleased with you.
You were very hungry.

You visited 4 branches of the dungeon, and saw 21 of its levels.
You also visited: Sewer.

You collected 2451 gold pieces.

Inventory:

Armour
 z - a +2 pair of gloves (worn)
 C - a +2 cloak (worn)
 O - a +2 hat of see invisible (worn)
 X - a +2 pair of boots (worn)
Magical Staves
 h - an uncursed staff of wizardry (weapon)
Jewellery
 t - an uncursed ring of poison resistance
 B - an amulet of the acrobat (around neck)
 R - a ring of protection from magic (left hand)
 Y - a ring of magical power (right hand)
Wands
 s - a wand of paralysis (14)
 F - a wand of iceblast (16)
 I - a wand of random effects (23)
 P - a wand of polymorph (5)
 T - a wand of flame (10)
 W - a wand of acid (6)
 Z - a wand of digging (5)
Scrolls
 c - a scroll of blinking
 i - 12 scrolls of teleportation
 n - 7 scrolls of amnesia
 o - 3 scrolls of fog
 p - 6 scrolls of immolation
 r - 8 scrolls of remove curse
 w - a scroll of enchant armour
 y - a scroll of magic mapping
 D - a scroll of brand weapon
 E - a scroll of summoning
 J - 4 scrolls of enchant weapon {unknown}
 K - 3 scrolls of random uselessness {unknown}
 L - 3 scrolls of fear
 M - 5 scrolls of holy word {unknown}
 Q - a scroll of vulnerability {unknown}
Potions
 a - 4 potions of might
 d - 2 potions of heal wounds
 e - 8 potions of curing
 f - 4 potions of brilliance
 g - 4 potions of lignification
 j - 2 potions of haste
 k - 2 potions of flight
 l - 3 potions of mutation {unknown}
 v - 2 potions of ambrosia {unknown}
 x - 5 potions of agility
 A - 2 potions of resistance {unknown}
 G - a potion of invisibility {unknown}
 H - 2 potions of magic {unknown}
 S - a potion of cancellation {unknown}
 V - a potion of berserk rage
Comestibles
 b - 17 rations


   Skills:
 + Level 6.2(5.8) Fighting
   Level 0.1(0.0) Short Blades
 - Level 0.7(0.3) Staves
 + Level 8.1(7.6) Dodging
 + Level 5.1(4.6) Stealth
 + Level 13.5(12.9) Spellcasting
 + Level 13.3(12.8) Conjurations
 * Level 3.0(2.6) Transmutations
 + Level 15.1(14.5) Fire Magic
 + Level 0.1(0.0) Evocations


You had 24 spell levels left.
You knew the following spells:

 Your Spells              Type           Power        Failure   Level  Hunger
a - Flame Tongue          Conj/Fire      #####        0%          1    None
b - Conjure Flame         Conj/Fire      ######..     1%          3    None
c - Fireball              Conj/Fire      ######....   1%          5    ####...
d - Dragon Form           Tmut           ###.......   99%         7    #######

Your spell library contained the following spells:

 Spells                   Type           Power        Failure   Level  Hunger
 Confusing Touch          Hex            ##....       1%          1    None
 Shock                    Conj/Air       ####         1%          1    None
 Summon Butterflies       Summ           ##......     1%          1    None
 Throw Flame              Conj/Fire      ######       1%          2    None
 Inner Flame              Hex/Fire       #####...     1%          3    None
 Static Discharge         Conj/Air       #####...     1%          3    None
 Sticky Flame             Conj/Fire      ######..     1%          4    None
 Irradiate                Conj/Tmut      #####.....   2%          5    ####...
 Song of Slaying          Chrm           ##......     3%          2    None
 Swiftness                Chrm/Air       ##......     3%          2    None
 Bolt of Draining         Conj/Necr      #####.....   4%          5    ####...
 Iskenderun's Battlesphe  Conj/Chrm      #####...     4%          5    ####...
 Lightning Bolt           Conj/Air       #####.....   4%          5    ####...
 Confuse                  Hex            ##......     6%          3    None
 Gell's Gravitas          Tloc           ##........   6%          3    None
 Ozocubu's Armour         Chrm/Ice       ##......     6%          3    None
 Regeneration             Chrm/Necr      ##........   6%          3    None
 Petrify                  Tmut/Erth      ###.....     12%         4    None
 Airstrike                Air            ##........   19%         4    None
 Yara's Violent Unravell  Hex/Tmut       ###.......   30%         5    ####...
 Metabolic Englaciation   Hex/Ice        ##........   45%         5    ####...
 Hydra Form               Tmut           ###.......   65%         6    #####..
 Statue Form              Tmut/Erth      ###......    83%         6    #####..
 Deflect Missiles         Chrm/Air       ##........   95%         6    #####..
 Malign Gateway           Summ/Tloc      ##........   100%        7    #######
 Disjunction              Tloc           ##........   100%        8    #######
 Summon Horrible Things   Summ           ##........   100%        8    #######


Dungeon Overview and Level Annotations

Branches:
Dungeon (12/15)            Temple (1/1) D:7            Lair (6/6) D:11
 Shoals (0/4) Lair:3       Spider (0/4) Lair:2        Slime (0/5) Lair:6
    Orc (2/2) D:11            Elf (0/3) Orc:2

Altars:
Ashenzari
Cheibriados
Dithmenos
Elyvilon
Fedhas
Gozag
Hepliaklqana
Kikubaaqudgha
Makhleb
Nemelex Xobeh
Okawaru
Qazlal
Ru
Sif Muna
Trog
Uskayaw
Vehumet
Wu Jian
Xom
Yredelemnul
Zin
The Shining One
Beogh

Shops:
D:4 ((=%   Orc:2 *

Annotations:
Orc:2 Saint Roka


Innate Abilities, Weirdness & Mutations

You can breathe blasts of fire.
Your fiery red scales are hard. (AC +8)
You cannot fit into any form of body armour.
Your flesh is heat resistant. (rF+)
You are cold-blooded and may be slowed by cold attacks.
Your mind is acute. (Int +2)
You evolve.


Message History

Aiming: Fireball (safe; 1% risk of failure)
Press: ? - help, Shift-Dir - straight line, p - Saint Roka The fireball explodes!
The fireball engulfs Saint Roka!
Saint Roka is almost dead.
Saint Roka calls down the wrath of Beogh upon you.
Beogh smites you!
* * * LOW HITPOINT WARNING * * *
Things that are here:
a +0 robe; a +0 dagger
There is a stone staircase leading up here.
You see here 2 large rocks.
Press: ? - help, Shift-Dir - straight line, f - you
Okay, then.
You feel better.
Saint Roka mumbles some strange prayers to Beogh against you.
Beogh smites you!
* * * LOW HITPOINT WARNING * * *
Saint Roka calls down the wrath of Beogh upon you.
Beogh smites you!
You die...

## ##.....## .##
#.......#### ..##
#..........#
o..####.........###
...)..#...........###
....[[.[[)((.((...#.##
.........#o).........##
.........####.[.......##
.......[.####...@......#
.......[..##...[......##
........[[##.........##
.........[..........##
....#..............##
...##............###
...####..........# ..##
#........### ..###
##.......#


You could see Saint Roka.

Vanquished Creatures
  Gastronok (Lair:2)
  Donald (Orc:2)
  An orc warlord (Orc:2)
  An ettin (Orc:1)
  Erolcha (D:11)
  Fannar (Lair:2)
  6 hydras
  3 catoblepae (Lair:6)
  A two-headed ogre (D:9)
  Erica (Orc:1)
  7 death yaks
  Urug (Orc:1)
  An orc high priest (Orc:2)
  A tengu warrior (D:8)
  Nergalle (Orc:2)
  A deep elf mage (D:12)
  4 oklob plants (Lair:6)
  2 ugly things
  5 orc sorcerers
  3 orc knights (Orc:2)
  A cyclops (Orc:2)
  2 manticores (Lair:6)
  4 black mambas
  A gargoyle (D:11)
  12 spiny frogs
  7 komodo dragons
  5 rime drakes
  The ghost of Cykl0x the Chopper, an amateur DDFi (D:3)
  2 polar bears
  5 trolls
  Grinder (D:3)
  6 blink frogs
  Prince Ribbit (D:9)
  14 dream sheep
  12 hippogriffs
  Sigmund (D:3)
  9 spriggans
  2 wyverns
  A wraith (D:12)
  58 yaks
  3 hungry ghosts
  3 wargs
  Edmund (D:4)
  7 water moccasins
  An acid dragon (D:11)
  26 orc warriors
  6 porcupines
  2 sky beasts
  19 ogres
  3 ice beasts
  5 wolves (Lair:1)
  9 centaurs
  14 crocodiles
  A big kobold (Sewer)
  7 bullfrogs
  A water moccasin zombie (D:8)
  2 scorpions
  3 killer bees
  A howler monkey (D:5)
  5 crimson imps
  7 jellies
  2 quasits (D:6)
  26 orc priests
  2 centaur skeletons
  3 hounds
  A bullfrog skeleton (D:5)
  An iron imp (D:6)
  37 orc wizards
  Jessica (D:3)
  An iguana (D:11)
  Ijyb (D:3)
  Natasha (thrice) (D:2)
  7 worker ants
  A killer bee zombie (D:10)
  A howler monkey skeleton (D:5)
  6 gnolls
  13 adders
  7 river rats
  3 shadow imps
  An ooze (D:2)
  An adder zombie (D:8)
  3 worms
  2 leopard geckos
  72 orcs
  9 giant cockroaches
  10 goblins
  6 hobgoblins
  21 jackals
  7 quokkas
  A ball python (D:1)
  14 bats
  8 frilled lizards
  A jackal skeleton (D:8)
  2 jackal zombies
  15 kobolds
  A leopard gecko skeleton (D:5)
  A quokka zombie (D:5)
  7 rats
  2 bushes (Lair:6)
  5 fungi
  11 plants
630 creatures vanquished.

Vanquished Creatures (others)
  14 fungi
  16 plants (Lair:6)
30 creatures vanquished.

Grand Total: 660 creatures vanquished

Notes
Turn   | Place    | Note
-------+----------+-------------------------------------------
     0 | D:1      | McKennaii the Draconian Fire Elementalist began the quest
                  | for the Orb.
     0 | D:1      | Reached XP level 1. HP: 14/14 MP: 3/3
   342 | D:1      | Reached XP level 2. HP: 16/20 MP: 3/5
   922 | D:2      | Reached XP level 3. HP: 26/26 MP: 3/6
  1326 | D:2      | Reached XP level 4. HP: 34/34 MP: 1/7
  1466 | D:2      | Reached skill level 4 in Fire Magic
  1635 | D:2      | Noticed Natasha
  1643 | D:2      | Killed Natasha
  1871 | D:2      | Noticed Natasha
  1875 | D:2      | Killed Natasha
  1875 | D:2      | Reached XP level 5. HP: 28/39 MP: 4/9
  2260 | D:3      | Found a transporter.
  2260 | D:3      | Noticed Cykl0x's ghost (amateur DDFi)
  2262 | D:3      | Found a transporter.
  2483 | D:3      | Noticed Jessica
  2487 | D:3      | Killed Jessica
  2633 | D:3      | Noticed Grinder
  2637 | D:3      | Paralysed by Grinder for 2 turns
  2648 | D:3      | Paralysed by Grinder for 4 turns
  2652 | D:3      | Killed Grinder
  2652 | D:3      | Reached skill level 1 in Fighting
  2652 | D:3      | Reached XP level 6. HP: 13/47 MP: 3/12
  2838 | D:3      | Noticed Sigmund
  3246 | D:3      | Learned a level 3 spell: Conjure Flame
  3382 | D:3      | Reached skill level 5 in Fire Magic
  3445 | D:2      | Noticed Natasha
  3449 | D:2      | Killed Natasha
  3728 | D:3      | Killed Sigmund
  3728 | D:3      | Your scales start taking on a fiery red colour.
  3728 | D:3      | Reached skill level 6 in Fire Magic
  3728 | D:3      | Reached XP level 7. HP: 36/52 MP: 2/13
  3728 | D:3      | Gained mutation: Your flesh is heat resistant. (rF+) [Red
                  | Draconian growth]
  3849 | D:3      | Found a burning altar of Makhleb.
  3854 | D:3      | Noticed Ijyb
  3854 | D:3      | Paralysed by Ijyb for 4 turns
  3868 | D:3      | Killed Ijyb
  4742 | D:4      | Noticed Edmund
  4755 | D:4      | Killed Edmund
  4755 | D:4      | Reached skill level 5 in Spellcasting
  4781 | D:4      | Found Feobocieg's Food Boutique.
  4913 | D:4      | Reached XP level 8. HP: 60/60 MP: 11/15
  4959 | D:4      | Found Istrikuuq's Jewellery Emporium.
  5046 | D:4      | Found a hazy altar of Hepliaklqana.
  5052 | D:4      | Found a white marble altar of Elyvilon.
  5141 | D:4      | Found Siphi's Weapon Emporium.
  5300 | D:4      | Found Uterchukk's Weapon Emporium.
  5315 | D:4      | Reached skill level 7 in Fire Magic
  5458 | D:5      | Entered Level 5 of the Dungeon
  5483 | D:5      | Learned a level 5 spell: Fireball
  5775 | D:5      | Found a glowing drain.
  5878 | Sewer    | Entered a sewer
  5977 | Sewer    | Reached skill level 5 in Conjurations
  6036 | Sewer    | Found a white marble altar of Elyvilon.
  6377 | D:5      | Reached skill level 8 in Fire Magic
  6410 | D:5      | Reached XP level 9. HP: 68/68 MP: 11/18
  6767 | D:6      | Found a snail-covered altar of Cheibriados.
  7485 | D:6      | Found a shimmering altar of Xom.
  7487 | D:6      | Found a shattered altar of Ashenzari.
  7487 | D:6      | Found an opulent altar of Gozag.
  7489 | D:6      | Found a blossoming altar of Fedhas.
  7489 | D:6      | Found a shimmering altar of Xom.
  7489 | D:6      | Found an iron altar of Okawaru.
  7595 | D:7      | Found a staircase to the Ecumenical Temple.
  7628 | Temple   | Entered the Ecumenical Temple
  7706 | Temple   | Became a worshipper of Sif Muna the Loreminder
  8864 | D:8      | Reached skill level 9 in Fire Magic
  8932 | D:8      | Noticed a tengu warrior
  8940 | D:8      | Reached * piety under Sif Muna
  9612 | D:8      | Found a shimmering altar of Xom.
  9652 | D:9      | Noticed a two-headed ogre
  9672 | D:9      | Killed a two-headed ogre
  9672 | D:9      | Reached XP level 10. HP: 77/77 MP: 0/21
  9950 | D:9      | Reached skill level 5 in Dodging
 10173 | D:9      | Found an opulent altar of Gozag.
 10430 | D:9      | Found a glowing golden altar of the Shining One.
 10438 | D:9      | Found a blossoming altar of Fedhas.
 10445 | D:9      | Found a sacrificial altar of Ru.
 10452 | D:9      | Found a sparkling altar of Nemelex Xobeh.
 10459 | D:9      | Found a bloodstained altar of Trog.
 10464 | D:9      | Found a hide-covered altar of Uskayaw.
 10475 | D:9      | Found a shadowy altar of Dithmenos.
 10548 | D:9      | Noticed Prince Ribbit
 10552 | D:9      | Killed Prince Ribbit
 10765 | D:10     | Entered Level 10 of the Dungeon
 10770 | D:9      | Reached ** piety under Sif Muna
 10826 | D:10     | Found an iron altar of Okawaru.
 11114 | D:10     | Noticed a brown ugly thing
 11125 | D:10     | Killed a brown ugly thing
 11286 | D:10     | Reached skill level 10 in Fire Magic
 11868 | D:11     | Noticed a gargoyle
 11897 | D:11     | Killed a gargoyle
 12293 | D:11     | Noticed Erolcha
 12351 | D:11     | Killed Erolcha
 12351 | D:11     | Reached *** piety under Sif Muna
 12414 | D:11     | Reached XP level 11. HP: 39/84 MP: 1/24
 12613 | D:11     | Found a staircase to the Orcish Mines.
 12625 | D:11     | Found a roughly hewn altar of Beogh.
 13077 | D:11     | Found a staircase to the Lair.
 13391 | D:3      | Killed Cykl0x's ghost
 13847 | D:8      | Killed a tengu warrior
 14082 | D:12     | Reached **** piety under Sif Muna
 14187 | D:12     | Noticed a brown ugly thing
 14187 | D:12     | Noticed a deep elf mage
 14188 | D:12     | Noticed a purple ugly thing
 14189 | D:12     | Noticed a two-headed ogre
 14198 | D:12     | Killed a brown ugly thing
 14242 | D:12     | Killed a deep elf mage
 14242 | D:12     | Reached skill level 10 in Spellcasting
 14242 | D:12     | Reached skill level 11 in Fire Magic
 14508 | Lair:1   | Entered Level 1 of the Lair of Beasts
 15636 | Lair:1   | Reached ***** piety under Sif Muna
 15947 | Lair:2   | Noticed a seven-headed hydra
 15951 | Lair:2   | Killed a seven-headed hydra
 15951 | Lair:2   | Received a gift from Sif Muna
 15951 | Lair:2   | Reached XP level 12. HP: 80/93 MP: 5/26
 16202 | Lair:2   | Reached skill level 10 in Conjurations
 16331 | Lair:2   | Found a hole to the Spider Nest.
 16363 | Lair:2   | Reached skill level 5 in Fighting
 16379 | Lair:2   | Noticed Gastronok
 17016 | Lair:2   | Noticed a four-headed hydra
 17022 | Lair:2   | Killed a four-headed hydra
 17027 | Lair:2   | Noticed Fannar
 17351 | Lair:2   | Reached skill level 12 in Fire Magic
 17659 | Lair:2   | Killed Gastronok
 18411 | Lair:2   | Killed Fannar
 18509 | Lair:3   | Noticed a seven-headed hydra
 18509 | Lair:3   | Noticed a seven-headed hydra
 18917 | Lair:2   | Killed a seven-headed hydra
 19160 | Lair:3   | Killed a seven-headed hydra
 19160 | Lair:3   | Reached XP level 13. HP: 101/101 MP: 7/28
 19584 | Lair:3   | Found a staircase to the Shoals.
 20306 | Lair:4   | Reached skill level 13 in Fire Magic
 20960 | Lair:4   | Identified Sunon's Disquisition on Supportive Dark Rites
                  | (Sif Muna gifted it to you on level 4 of the Lair of
                  | Beasts)
 20960 | Lair:4   | Received a gift from Sif Muna
 21512 | Lair:5   | You fall through a shaft!
 21512 | Lair:6   | Entered Level 6 of the Lair of Beasts
 21855 | Lair:5   | Found a white marble altar of Elyvilon.
 23112 | Lair:6   | Reached skill level 5 in Stealth
 23901 | Lair:6   | Found a staircase to the Slime Pits.
 24467 | Lair:6   | Reached skill level 14 in Fire Magic
 24467 | Lair:6   | Reached XP level 14. HP: 100/108 MP: 5/30
 24913 | Lair:6   | Identified Golinaf's Incunabulum of Lucky Orientation (Sif
                  | Muna gifted it to you on level 6 of the Lair of Beasts)
 24913 | Lair:6   | Received a gift from Sif Muna
 26351 | Lair:6   | Learned a level 7 spell: Dragon Form
 26568 | Orc:1    | Entered Level 1 of the Orcish Mines
 26570 | Orc:1    | Noticed Erica
 26574 | Orc:1    | Killed Erica
 27227 | Orc:1    | Noticed Urug
 27414 | Orc:1    | Killed Urug
 27481 | Orc:1    | Gained mutation: You evolve. [a neqoxec]
 27487 | Orc:1    | Reached skill level 1 in Transmutations
 27604 | Orc:1    | Gained mutation: Your mind is acute. (Int +2) [evolution]
 27916 | Orc:2    | Entered Level 2 of the Orcish Mines
 28396 | Orc:2    | Noticed an orc warlord
 28489 | Orc:2    | Found a staircase to the Elven Halls.
 28491 | Orc:2    | Found Wetept's Assorted Antiques.
 28506 | Orc:2    | Noticed Donald
 29129 | Orc:2    | Killed Donald
 29247 | Orc:2    | Noticed Saint Roka
 29473 | Orc:2    | Killed an orc warlord
 29638 | Orc:2    | Identified Sif Muna's Almanac of Creation and Dark Magic
                  | (Sif Muna gifted it to you on level 2 of the Orcish Mines)
 29638 | Orc:2    | Received a gift from Sif Muna
 29638 | Orc:2    | Reached skill level 15 in Fire Magic
 30342 | Orc:2    | Noticed Nergalle
 30343 | Orc:2    | Found a roughly hewn altar of Beogh.
 30348 | Orc:2    | Killed Nergalle
 30575 | Orc:2    | Killed from afar by Saint Roka

Skill      XL: |  1  2  3  4  5  6  7  8  9 10 11 12 13 14 |
---------------+-------------------------------------------+-----
Stealth        | 2 3 4 5 |  5.1
Dodging        | 2 3 4 5 6 7 8 |  8.1
Fire Magic     | 4 6 8 9 10 11 12 14 15 | 15.1
Spellcasting   | 3 4 5 6 7 9 10 11 12 13 | 13.5
Conjurations   | 2 3 4 5 6 8 9 11 12 13 | 13.3
Fighting       | 1 2 3 4 5 6 |  6.2
Transmutations | 3 |  3.0
Short Blades   | |  0.1
Staves         | |  0.7
Evocations     | |  0.1

Action                   |  1- 3 |  4- 6 |  7- 9 | 10-12 | 13-15 || total
-------------------------+-------+-------+-------+-------+-------++-------
Melee: Unarmed           |     5 |       |       |       |       ||     5
       Dagger            |     1 |       |       |       |       ||     1
       Short sword       |    19 |    51 |    14 |       |       ||    84
       Tailslap          |     2 |     2 |     9 |    26 |    38 ||    77
       Dire flail        |       |       |   120 |   198 |   171 ||   489
       Staff             |       |       |       |       |    81 ||    81
 Cast: Flame Tongue      |    62 |   100 |   303 |   284 |   203 ||   952
       Conjure Flame     |       |     3 |     3 |     5 |     2 ||    13
       Fireball          |       |       |    11 |   119 |   304 ||   434
 Abil: Breathe Fire      |       |       |     4 |    30 |    39 ||    73
       Evoke Flight      |       |       |     1 |       |       ||     1
Evoke: Wand              |       |       |       |     2 |     2 ||     4
  Use: Scroll            |       |     3 |     4 |     1 |    19 ||    27
       Potion            |       |     2 |       |     4 |     8 ||    14
 Stab: Sleeping          |       |       |     1 |     1 |       ||     2
       Distracted        |       |       |       |     1 |       ||     1
  Eat: Chunk             |     2 |     5 |    14 |    31 |    56 ||   108
       Ration            |       |     1 |     2 |     9 |     9 ||    21
Armor: Skin              |    21 |    45 |   120 |   145 |   101 ||   432
Dodge: Dodged            |    31 |    87 |   210 |   377 |   283 ||   988
